 Dungeon Crawl Stone Soup version 0.31-a0-810-ga77100ea1a (webtiles) character file.

Game seed: 14167052105161902674

13 dynsetu the Sneak (level 2, 0/15 HPs)
             Began as a Vampire Enchanter on Sept 22, 2023.
             Slain by a hobgoblin (4 damage)
             ... on level 1 of the Dungeon.
             The game lasted 00:01:41 (314 turns).

dynsetu the Sneak (Vampire Enchanter)                Turns: 314, Time: 00:01:41

Health: 0/15       AC:  2    Str:  7    XL:     2   Next: 24%
Magic:  5/5        EV: 12    Int: 17    God:
Gold:   10         SH:  0    Dex: 14    Spells: 5/5 levels left

rFire   . . .        g - +4 dagger
rCold   + + .        (no shield)
rNeg    + + +        b - +0 robe
rPois   ∞            (no helmet)
rElec   .            (no cloak)
rCorr   .            (no gloves)
SInv    +            (no boots)
Will    .....        (no amulet)
Stlth   +++++        (no ring)
HPRegen 0.00/turn    (no ring)
MPRegen 0.09/turn

%: no passive effects
@: bloodless, inhibited regen
A: bloodless, fangs 3, see invisible, vampiric 1
a: Revivify


You were on level 1 of the Dungeon.
You visited 1 branch of the dungeon, and saw 1 of its levels.

You collected 10 gold pieces.

Inventory:

Hand Weapons
 a - a +1 dagger
 g - a +4 dagger (weapon)
Armour
 b - a +0 robe (worn)
Scrolls
 e - a scroll of revelation {unknown}
 f - a scroll of poison {unknown}
Potions
 c - 2 potions of invisibility
 d - a potion of curing {unknown}


   Skills:
 + Level 1.1 Short Blades
 + Level 2.3 Dodging
 + Level 5.0 Stealth
 * Level 2.1 Spellcasting
 + Level 4.7 Hexes


You had 5 spell levels left.
You didn't know any spells.
Your spell library contained the following spells:

 Spells                   Type           Power      Damage    Failure   Level
 Confusing Touch          Hex            17%        N/A       9%          3
 Tukima's Dance           Hex            17%        N/A       9%          3
 Ensorcelled Hibernation  Hex/Ice        18%        N/A       11%         2
 Dazzling Flash           Conj/Hex       18%        N/A       22%         3


Dungeon Overview and Level Annotations

Branches:
Dungeon (1/15)

Altars:


Innate Abilities, Weirdness & Mutations

You do not regenerate when monsters are visible.
You are frail without blood (-20% HP).
You can heal yourself when you bite living creatures.
You are immune to poison.
You have razor-sharp teeth.
You have supernaturally acute eyesight. (SInv)
You are afflicted with vampirism.


Message History

You bite the jackal, and draw its blood!
You impale the jackal!!
You kill the jackal!
Your Stealth skill increases to level 5!
The kobold shouts!
The ball python hisses angrily.
You hear a shout!
The kobold throws a stone.
The stone hits you but does no damage.
You start waiting.
There are monsters nearby!
You hit the goblin.
You kill the goblin!
A hobgoblin comes into view.
The ball python barely misses you. x2; The kobold barely misses you.
Things that are here:
a +0 club; a goblin corpse You puncture the ball python!
You kill the ball python!
The kobold hits you with a +0 whip.
You hit the hobgoblin.
You bite the hobgoblin, but do no damage.
The hobgoblin is moderately wounded.
You hit the hobgoblin.
The hobgoblin is heavily wounded.
The hobgoblin completely misses you. The kobold misses you.
You barely miss the hobgoblin.
You bite the hobgoblin, but do no damage.
The hobgoblin is heavily wounded.
The kobold hits you with a +0 whip. The hobgoblin hits you.
You hit the hobgoblin.
The hobgoblin is almost dead.
The hobgoblin barely misses you. The kobold hits you but does no damage.
You barely miss the hobgoblin. Your bite misses the hobgoblin.
The hobgoblin is almost dead.
The kobold barely misses you. The hobgoblin hits you.
* * * LOW HITPOINT WARNING * * *
You are too injured to fight recklessly!
You are too injured to fight recklessly!
You are too injured to fight recklessly!
The hobgoblin attacks as it pursues you!
The hobgoblin hits you.
You die...

## ### .## ##.##
#.##### #.#.##
##....######.###.##
#.###.......## ##.#
.## ########.###@##
## ###.#g######
#....$....... ####
#.##.K....... ...#
#. ########.. ##.#
# # #.########.###
#.............
#####......##


You could see a hobgoblin and a kobold.

Vanquished Creatures
  3 bats (D:1)
  A giant cockroach (D:1)
  A goblin (D:1)
  A hobgoblin (D:1)
  2 jackals (D:1)
  2 ball pythons (D:1)
  3 kobolds (D:1)
13 creatures vanquished.

Notes
Turn   | Place    | Note
-------+----------+-------------------------------------------
     0 | D:1      | dynsetu the Vampire Enchanter began the quest for the Orb.
     0 | D:1      | Reached XP level 1. HP: 13/13 MP: 3/3
   253 | D:1      | Reached XP level 2. HP: 15/15 MP: 5/5
   291 | D:1      | Reached skill level 5 in Stealth
   314 | D:1      | Slain by a hobgoblin

Illustrated notes

Levels and vault maps discovered:
D:1:      shiori_arrival_elements, layout_loops_ring,
          ebering_ecumenical_altar_box, chequers_serial_rivers_large_b

Skill      XL: |  1  2 |
---------------+-------+-----
Stealth        | 5 |  5.0
Short Blades   | |  1.1
Dodging        | |  2.3
Spellcasting   | |  2.1
Hexes          | |  4.7

Action                     || total
---------------------------++-------
  Melee: Dagger            ||    26
         Bite              ||     2
Ability: Exsanguinate      ||     1
   Stab: Sleeping          ||     4
 Armour: Robe              ||    24
  Dodge: Dodged            ||    19

Table legend: (Time is in decaauts)
 A = Elapsed time spent in this place.
 B = Non-inter-level travel time spent in this place.
 C = Inter-level travel time spent in this place.
 D = Time resting spent in this place.
 E = Time spent auto-exploring this place.
 F = Levels seen in this place.
 G = Mean time per level.
                   A        B        C        D        E       F      G
               +--------+--------+--------+--------+--------+-----+--------+
         Total |    311 |    311 |      0 |      3 |    179 |   1 |  311.0 |
       Dungeon |    311 |    311 |      0 |      3 |    179 |   1 |  311.0 |
               +--------+--------+--------+--------+--------+-----+--------+

Top non-repeatable levels by time:
     D:1: 311 daAuts
